 Dungeon Crawl Stone Soup version 0.19.0-9-gfd783f2 (webtiles) character file.

2818 Quirk the Skirmisher (level 9, -11/57 HPs)
             Began as a Gargoyle Fighter on Nov 7, 2016.
             Blown up by Maurice (16 damage)
             ... with a wand of disintegration
             ... on level 7 of the Dungeon.
             The game lasted 00:14:51 (9161 turns).

Quirk the Skirmisher (Gargoyle Fighter)             Turns: 9161, Time: 00:14:51

Health: -11/57     AC: 12    Str: 22    XL:     9   Next: 72%
Magic:  9/9        EV: 12    Int: 16    God:
Gold:   0          SH: 11    Dex: 10    Spells: 0 memorised, 8 levels left

rFire  + + .     SeeInvis .     p - +4 flail "Murmur" {crush, rPois Int+7}
rCold  . . .     Gourm    .     v - +0 robe {rC+ rF+}
rNeg   + . .     Faith    .     c - +1 shield
rPois  ∞         Spirit   .     d - +0 helmet
rElec  +         Reflect  .     o - +0 cloak
rCorr  +         Harm     .     e - +0 pair of gloves
MR     .....                    (no boots)
Stlth  +.........               (no amulet)
                                q - ring of fire
                                l - ring of resist corrosion

@: no status effects
A: negative energy resistance 1, electricity resistance, unbreathing,
petrification resistance, rot immunity, AC +5
a: no special abilities


You were on level 7 of the Dungeon.
You were not hungry.

You visited 2 branches of the dungeon, and saw 9 of its levels.

Inventory:

Hand Weapons
 p - the +4 flail "Murmur" (weapon) {crush, rPois Int+7}
   (You found it on level 6 of the Dungeon)

   It inflicts extra damage upon your enemies.
   It affects your intelligence (+7).
   It protects you from poison.
 s - a +3 flail of protection
 w - a +2 whip of holy wrath
 D - a +1 morningstar of protection
Missiles
 m - 3 throwing nets (quivered)
Armour
 b - a +0 scale mail
 c - a +1 shield (worn)
 d - a +0 helmet (worn)
 e - a +0 pair of gloves (worn)
 o - a +0 cloak (worn)
 v - a +0 robe of resistance (worn)
Jewellery
 i - an uncursed amulet of harm
 l - a ring of resist corrosion (left hand)
 q - a ring of fire (right hand)
 x - an uncursed ring of ice
 B - an uncursed ring of fire
Wands
 a - a wand of iceblast (8/15)
 y - a wand of flame (28/48)
Scrolls
 k - 4 scrolls of identify
 r - 2 scrolls of enchant armour
 u - 5 scrolls of teleportation
 A - a scroll of fear
 E - a scroll of enchant weapon
 F - a scroll of remove curse
 G - 2 scrolls of amnesia
Potions
 h - 2 potions of agility
 n - 4 potions of curing
 t - 2 potions of flight
 H - 2 potions of might
Comestibles
 f - 5 bread rations
 g - a slice of pizza
 j - 3 fruits
 C - a royal jelly
 J - a beef jerky
 K - 3 chunks of flesh


   Skills:
 + Level 7.2 Fighting
 + Level 6.1 Maces & Flails
 + Level 7.2 Armour
 + Level 4.6 Dodging
 + Level 7.1 Shields


You had 8 spell levels left.
You didn't know any spells.

Dungeon Overview and Level Annotations

Branches:
Dungeon (8/15)             Temple (1/1) D:5
   Lair: D:8-11

Altars:
Ashenzari
Cheibriados
Dithmenos
Elyvilon
Fedhas
Gozag
Hepliaklqana
Kikubaaqudgha
Makhleb
Nemelex Xobeh
Okawaru
Qazlal
Sif Muna
Trog
Uskayaw
Vehumet
Xom
Yredelemnul
Zin
The Shining One

Annotations:
D:7 Prince Ribbit
D:8 Maurice


Innate Abilities, Weirdness & Mutations

You are resistant to torment.
Your stone body is resilient. (AC +5)
You are immune to poison.
You resist negative energy. (rN+)
You are resistant to electric shocks. (rElec)
You can survive without breathing.
You are immune to petrification.
You are immune to rotting.


Message History

Prince Ribbit barely misses you.
You hear a zap.
Something tries to affect you, but you resist.
There is a stone staircase leading up here.
Prince Ribbit hits you!
* * * LOW HITPOINT WARNING * * *
Something hits you but does no damage. Prince Ribbit closely misses you.
You climb upwards.
There is a stone staircase leading down here.
Unknown command.
You miss Prince Ribbit. Something hits you but does no damage.
Prince Ribbit hits you!
* * * LOW HITPOINT WARNING * * *
Something hits you.
* * * LOW HITPOINT WARNING * * *
Something steals your potion of heal wounds!
You closely miss Prince Ribbit.
Prince Ribbit blinks!
You hear a zap.
You are blasted!
You die...

#.#####.#.#..#.#
#.###. #.#
#...#..#.#### #...#. #
#.# #####.F.....#
###.#. ###.###
##.#.##.### #.##
?.....# #...##...#
#.#. ......#
##..##.#.# ####.#.
......## #..##...#
#...... .......####
#.§##.### #......
#.........# #.@...#
#...... ..........#
######## #......
..........####....##
#......
#.........##.......#
#......
#####'######.#.....###
#...... # #.#
#(#.......# #>.....
#####.# #.#....##.#
#...... #.....#
#.#.......# #######
#.#####
#.#.....#########


You could see Prince Ribbit.

Vanquished Creatures
  Menkaure (D:5)
  The ghost of Quirk the Covered, an amateur GrFi (D:4)
  An orc warrior (D:7)
  2 ice beasts (D:5)
  A phantom (D:4)
  A centaur (D:4)
  3 ogres
  A bullfrog (D:6)
  A gnoll sergeant (D:5)
  6 scorpions
  5 wights (D:7)
  4 crimson imps
  5 hounds
  2 orc wizards
  5 gnoll shamans (D:5)
  A jelly (D:7)
  4 orc priests
  3 worker ants
  A hound skeleton (D:5)
  32 gnolls (D:5)
  6 adders
  2 shadow imps (D:5)
  2 oozes
  2 adder skeletons (D:5)
  6 worms
  6 leopard geckos
  25 orcs
  A ball python (D:3)
  2 giant cockroaches
  8 goblins
  10 hobgoblins
  22 jackals
  10 kobolds
  5 quokkas
  8 bats
  6 frilled lizards
  A quokka skeleton (D:5)
  14 rats
216 creatures vanquished.

Vanquished Creatures (others)
  A sky beast (D:5)
  A centaur (D:5)
  A gnoll shaman (D:5)
  A worker ant (D:5)
  A leopard gecko (D:5)
5 creatures vanquished.

Grand Total: 221 creatures vanquished

Notes
Turn   | Place    | Note
-------+----------+-------------------------------------------
     0 | D:1      | Quirk the Gargoyle Fighter began the quest for the Orb.
     0 | D:1      | Reached XP level 1. HP: 14/14 MP: 1/1
     2 | D:1      | Noticed an ogre
     2 | D:1      | Noticed a felid
     4 | D:1      | Noticed a centaur
     4 | D:1      | Noticed a halfling
     6 | D:1      | Noticed a merfolk
     8 | D:1      | Noticed a tengu
     8 | D:1      | Noticed a dwarf
    10 | D:1      | Noticed a naga
    10 | D:1      | Noticed a ghoul
    12 | D:1      | Noticed a minotaur
    12 | D:1      | Noticed an octopode
    14 | D:1      | Noticed a gargoyle
    14 | D:1      | Noticed a demigod
    16 | D:1      | Noticed an elf
    16 | D:1      | Noticed a demonspawn
    18 | D:1      | Noticed a formicid
    18 | D:1      | Noticed a human
    20 | D:1      | Noticed a vampire
    22 | D:1      | Noticed a vine stalker
    24 | D:1      | Noticed a spriggan
    26 | D:1      | Noticed a draconian
    26 | D:1      | Noticed a troll
   126 | D:1      | Reached XP level 2. HP: 13/19 MP: 2/2
   774 | D:1      | Reached XP level 3. HP: 23/23 MP: 3/3
  1107 | D:2      | Found a blossoming altar of Fedhas.
  1482 | D:2      | Reached skill level 1 in Dodging
  1482 | D:2      | Reached XP level 4. HP: 21/29 MP: 4/4
  1710 | D:2      | Found a white marble altar of Elyvilon.
  1716 | D:2      | Found a glowing golden altar of the Shining One.
  2293 | D:3      | Reached XP level 5. HP: 26/33 MP: 5/5
  2942 | D:4      | Reached XP level 6. HP: 12/39 MP: 6/6
  2955 | D:4      | Noticed Quirk's ghost (amateur GrFi)
  3442 | D:4      | Noticed a phantom
  3466 | D:4      | Killed a phantom
  3830 | D:4      | Reached skill level 5 in Shields
  3830 | D:4      | Reached XP level 7. HP: 23/44 MP: 7/7
  4082 | D:4      | Killed Quirk's ghost
  4082 | D:4      | Reached skill level 5 in Fighting
  4331 | D:4      | Found an ancient bone altar of Kikubaaqudgha.
  4595 | D:4      | Found a glowing silver altar of Zin.
  4595 | D:4      | Noticed an angel
  4856 | D:4      | Found a deep blue altar of Sif Muna.
  5067 | D:4      | Reached skill level 5 in Armour
  5193 | D:5      | Entered Level 5 of the Dungeon
  5233 | D:5      | Found a sparkling altar of Nemelex Xobeh.
  5288 | D:5      | Found a radiant altar of Vehumet.
  5499 | D:5      | Noticed Menkaure
  5529 | D:5      | Reached XP level 8. HP: 50/50 MP: 8/8
  5543 | D:5      | Killed Menkaure
  5758 | D:5      | Found a bloodstained altar of Trog.
  5769 | D:5      | Found a shimmering altar of Xom.
  5794 | D:5      | Found a staircase to the Ecumenical Temple.
  5810 | Temple   | Entered the Ecumenical Temple
  6693 | D:5      | Reached skill level 5 in Maces & Flails
  7033 | D:5      | Reached XP level 9. HP: 32/55 MP: 9/9
  7587 | D:6      | Found a shadowy altar of Dithmenos.
  7642 | D:6      | Got a transparent flail
  7643 | D:6      | Identified the +4 flail "Murmur" {crush, rPois Int+7} (You found it on level 6 of the Dungeon)
  8046 | D:6      | Found an opulent altar of Gozag.
  9139 | D:8      | Noticed Maurice
  9146 | D:8      | Noticed Prince Ribbit
  9161 | D:7      | Blown up by Maurice

Skill      XL: |  1  2  3  4  5  6  7  8  9 |
---------------+----------------------------+-----
Dodging        | 1 2 3 4 |  4.6
Shields        | 4 5 6 7 |  7.1
Fighting       | 4 5 6 7 |  7.2
Maces & Flails | 3 4 5 6 |  6.1
Armour         | 4 5 6 7 |  7.2

Action                   |  1- 3 |  4- 6 |  7- 9 || total
-------------------------+-------+-------+-------++-------
Melee: Flail             |   164 |   253 |   607 ||  1024
  Use: Scroll            |       |       |    20 ||    20
       Potion            |       |       |     2 ||     2
 Stab: Invisible         |       |       |     4 ||     4
  Eat: Chunk             |     1 |     7 |    11 ||    19
       Pizza             |       |     1 |       ||     1
       Beef jerky        |       |       |     2 ||     2
       Meat ration       |       |       |     1 ||     1
Armor: Scale mail        |   123 |   133 |   281 ||   537
       Robe              |       |       |    18 ||    18
Dodge: Dodged            |    68 |    86 |   252 ||   406
Block: Shield            |   113 |   139 |   439 ||   691
